[Event "DVM U12w 2023"]
[Site "Magdeburg"]
[Date "2023.12.27"]
[Round "2"]
[White "Oschinski, Mathilda"]
[Black "Schmegel, Alina"]
[Result "1-0"]
[WhiteElo "1155"]
[BlackElo "892"]
[PlyCount "46"]
[EventDate "2022.12.27"]
[EventType "team-tourn"]
[EventRounds "7"]
[EventCountry "GER"]
[TimeControl "40/5400+30:1800+30"]
[WhiteClock "0:45:12"]
[BlackClock "1:19:04"]

1. d4 d5 2. Nc3 Nf6 3. Bf4 Nc6 4. Nb5 e5 5. dxe5 Nh5 6. e3 Nxf4 7. exf4 d4 8. Nf3 Bb4+ 9. Nd2 a6 10. Na3 f5 11. Bd3 O-O 12. O-O Qh4 13. Bc4+ Kh8 14. Nf3 Qh5 15. Nxd4 Qh6 16. Nxc6 bxc6 17. Qf3 Rb8 18. c3 Bc5 19. b4 Be7 20. Rad1 Bb7 21. Rd7 Rfe8 22. Rxc7 Bd8 23. Rxb7 Rxb7 {[%emt 0:00:08] normal} 1-0

[Event "DVM U12w 2023"]
[Site "Magdeburg"]
[Date "2023.12.27"]
[Round "2"]
[White "Mersmann, Jasmin"]
[Black "Prasannavenkatesan, Ananya"]
[Result "0-1"]
[WhiteElo "1131"]
[BlackElo "1045"]
[PlyCount "78"]
[EventDate "2022.12.27"]
[EventType "team-tourn"]
[EventRounds "7"]
[EventCountry "GER"]
[TimeControl "40/5400+30:1800+30"]
[WhiteClock "1:07:27"]
[BlackClock "1:12:53"]

1. e4 e5 2. Nf3 Nc6 3. Nc3 Nf6 4. Bb5 d6 5. h3 g6 6. d3 Bg7 7. O-O O-O 8. Bg5 h6 9. Be3 g5 10. Qd2 Nh5 11. Nd5 Nf4 12. Bxf4 exf4 13. c3 Ne5 14. Nxe5 dxe5 15. Bc4 c6 16. Nb4 a5 17. Nxc6 bxc6 18. Kh2 g4 19. Rg1 gxh3 20. g3 f3 21. Qe3 Bg4 22. Qc5 Qc7 23. Bd5 Rac8 24. Bb3 Rfd8 25. Bc4 Bf8 26. Qe3 Bg7 27. Rad1 Rb8 28. Rd2 Kh7 29. Qc5 Bf6 30. Rb1 Be7 31. Qe3 Bg5 32. Qe1 Bxd2 33. Qxd2 Rb6 34. Qe3 Rdb8 35. b3 a4 36. b4 c5 37. a3 cxb4 38. cxb4 Qd7 39. Rc1 f6 {[%emt 0:01:16] normal} 0-1

[Event "DVM U12w 2023"]
[Site "Magdeburg"]
[Date "2023.12.27"]
[Round "2"]
[White "Shakhimardanova, Nigina"]
[Black "Will, Elina"]
[Result "0-1"]
[WhiteElo "1067"]
[BlackElo "1325"]
[PlyCount "116"]
[EventDate "2022.12.27"]
[EventType "team-tourn"]
[EventRounds "7"]
[EventCountry "GER"]
[TimeControl "40/5400+30:1800+30"]
[WhiteClock "1:23:08"]
[BlackClock "1:40:32"]

1. e4 d5 2. exd5 Nf6 3. Nf3 Nxd5 4. d4 Bf5 5. Bd3 Qd7 6. Nc3 Nb4 7. O-O Nxd3 8. cxd3 Nc6 9. d5 Nb4 10. Ne5 Qd6 11. d4 Nxd5 12. Qf3 e6 13. Bf4 Nxf4 14. Qxf4 f6 15. Rad1 fxe5 16. dxe5 Qc6 17. Rd2 Be7 18. Rfd1 O-O 19. Rd7 Bc5 20. Qg3 Bg6 21. R7d2 Rae8 22. Kh1 Re7 23. a4 a6 24. b3 Ref7 25. Rf1 Qb6 26. f3 Qxb3 27. f4 Qc4 28. Rfd1 Qxf4 29. Qxf4 Rxf4 30. h3 Rf1+ 31. Rxf1 Rxf1+ 32. Kh2 Bb4 33. Rd8+ Rf8 34. Rxf8+ Kxf8 35. Ne2 Bd3 36. Nd4 Ke7 37. Kg3 Bc3 38. Nb3 Bxe5+ 39. Kf3 Bc4 40. Nd2 Bd5+ 41. Kf2 Bf4 42. Nb1 Bb3 43. Nc3 Be5 44. Nb1 Bxa4 45. g4 Bc2 46. Nd2 b5 47. h4 c5 48. g5 c4 49. Ne4 Bxe4 50. h5 c3 51. Ke2 c2 52. Ke3 c1=Q+ 53. Kxe4 Qf4+ 54. Kd3 Qc4+ 55. Kd2 Bf4+ 56. Ke1 Qc2 57. g6 Bg3+ 58. Kf1 Qf2# {[%emt 0:00:14] normal} 0-1

[Event "DVM U12w 2023"]
[Site "Magdeburg"]
[Date "2023.12.27"]
[Round "2"]
[White "Roessler, Helena"]
[Black "Schmidt Guevara, Daniela"]
[Result "1/2-1/2"]
[WhiteElo "1060"]
[BlackElo "1083"]
[PlyCount "64"]
[EventDate "2022.12.27"]
[EventType "team-tourn"]
[EventRounds "7"]
[EventCountry "GER"]
[TimeControl "40/5400+30:1800+30"]
[WhiteClock "1:03:03"]
[BlackClock "1:08:16"]

1. Nf3 d5 2. g3 Nc6 3. Bg2 Nf6 4. O-O Bf5 5. d3 e5 6. Nbd2 Bc5 7. c4 dxc4 8. Nxc4 e4 9. dxe4 Qxd1 10. Rxd1 Bxe4 11. Bf4 Nd5 12. Be5 O-O 13. Rac1 Rae8 14. Bc3 Nxc3 15. Rxc3 Bxf3 16. Bxf3 Ne5 17. Bxb7 Ng4 18. e3 Ne5 19. Nxe5 Rxe5 20. Rd7 Bb6 21. Bg2 Ree8 22. b4 Rd8 23. Rcd3 Rxd7 24. Rxd7 c5 25. bxc5 Bxc5 26. Kf1 a5 27. Bd5 h6 28. Bb3 Bb4 29. Ke2 h5 30. e4 Bc3 31. Kd3 Bf6 32. f4 Rd8 {[%emt 0:00:58] normal} 1/2-1/2

[Event "DVM U12w 2023"]
[Site "Magdeburg"]
[Date "2023.12.27"]
[Round "2"]
[White "Artemenko, Isabella"]
[Black "Rätsch, Elina"]
[Result "1-0"]
[WhiteElo "1041"]
[BlackElo "869"]
[PlyCount "44"]
[EventDate "2022.12.27"]
[EventType "team-tourn"]
[EventRounds "7"]
[EventCountry "GER"]
[TimeControl "40/5400+30:1800+30"]
[WhiteClock "0:47:45"]
[BlackClock "1:13:51"]

1. d4 d5 2. Bf4 Nc6 3. e3 Nf6 4. c3 a6 5. Nd2 Bf5 6. Ngf3 e6 7. Ne5 Bd6 8. Ndf3 Bg4 9. Nxg4 Nxg4 10. Bg3 O-O 11. Qc2 e5 12. Qb3 e4 13. Nd2 Ne7 14. Be2 Qd7 15. Bxd6 cxd6 16. h3 Nf6 17. O-O Nf5 18. Rac1 Rac8 19. c4 Rfe8 20. cxd5 Ne7 21. Rc2 Rc7 22. Rfc1 Rec8 {[%emt 0:01:10] normal} 1-0

[Event "DVM U12w 2023"]
[Site "Magdeburg"]
[Date "2023.12.27"]
[Round "2"]
[White "Haas, Valentina"]
[Black "Sauermann, Paula"]
[Result "1-0"]
[WhiteElo "1010"]
[BlackElo "754"]
[PlyCount "109"]
[EventDate "2022.12.27"]
[EventType "team-tourn"]
[EventRounds "7"]
[EventCountry "GER"]
[TimeControl "40/5400+30:1800+30"]
[WhiteClock "1:24:55"]
[BlackClock "1:13:20"]

1. d4 d5 2. e3 Nf6 3. Bd3 Be6 4. c3 Nc6 5. f4 Bg4 6. Nf3 e6 7. h3 Bxf3 8. Qxf3 Bd6 9. Nd2 O-O 10. O-O Re8 11. Qg3 Nh5 12. Qg4 Nf6 13. Qh4 Nd7 14. Qxh7+ Kf8 15. Rf3 Qf6 16. Rg3 Ke7 17. Rxg7 Rh8 18. Rxf7+ Qxf7 19. Qxf7+ Kxf7 20. Nf3 Rag8 21. Ng5+ Ke7 22. Bd2 Nf6 23. Kh2 Ng4+ 24. Kg3 Rxg5 25. hxg4 Rhg8 26. Be2 Nd8 27. Rh1 Nf7 28. Rh4 Nh8 29. Kf2 Ng6 30. Rh7+ Kf6 31. fxg5+ Kxg5 32. e4+ Kf6 33. e5+ Bxe5 34. g5+ Kf5 35. Bd3+ Kg4 36. dxe5 Nxe5 37. Be2+ Kf5 38. Rxc7 Ng4+ 39. Bxg4+ Kxg4 40. Rxb7 Rf8+ 41. Kg1 e5 42. Rd7 Kg3 43. g6 Rf2 44. g7 Rxg2+ 45. Kf1 Kf3 46. Rf7+ Ke4 47. Bh6 Rxb2 48. g8=Q Rb1+ 49. Kg2 Rb2+ 50. Kg3 d4 51. Qg4+ Kd3 52. Rf3+ Kc4 53. Qc8+ Kd5 54. c4+ Ke4 55. Qg4# {[%emt 0:02:42] normal} 1-0

[Event "DVM U12w 2023"]
[Site "Magdeburg"]
[Date "2023.12.27"]
[Round "2"]
[White "Kuhlmann, Naya"]
[Black "Albrecht, Sidney Jenna"]
[Result "0-1"]
[WhiteElo "1005"]
[BlackElo "1188"]
[PlyCount "65"]
[EventDate "2022.12.27"]
[EventType "team-tourn"]
[EventRounds "7"]
[EventCountry "GER"]
[TimeControl "40/5400+30:1800+30"]
[WhiteClock "1:12:16"]
[BlackClock "1:00:44"]

1. e4 c5 2. d4 cxd4 3. Nf3 Nc6 4. Nxd4 g6 5. Nf3 Bg7 6. Bc4 Nf6 7. Nc3 O-O 8. O-O Re8 9. Re1 d6 10. Bf4 Nh5 11. Be3 Bg4 12. h3 Bxf3 13. Qxf3 Ne5 14. Qe2 Nxc4 15. Qxc4 Rc8 16. Qd3 a6 17. Bd4 Bxd4 18. Qxd4 e5 19. Qd5 b5 20. Re2 Nf4 21. Qd2 Nxe2+ 22. Qxe2 Qd7 23. Nd5 Qe6 24. Qf3 f5 25. Ne3 f4 26. Nd5 Rxc2 27. a3 Rxb2 28. Nc7 Qd7 29. Nxe8 Qxe8 30. Qc3 Re2 31. f3 Re3 32. Qd2 Qc6 33. Rd1 {[%emt 0:01:10] normal} 0-1

[Event "DVM U12w 2023"]
[Site "Magdeburg"]
[Date "2023.12.27"]
[Round "2"]
[White "Wolf, Aurelia"]
[Black "Özdemir, Anna Valentina"]
[Result "0-1"]
[WhiteElo "1001"]
[BlackElo "693"]
[PlyCount "118"]
[EventDate "2022.12.27"]
[EventType "team-tourn"]
[EventRounds "7"]
[EventCountry "GER"]
[TimeControl "40/5400+30:1800+30"]
[WhiteClock "1:18:36"]
[BlackClock "1:35:45"]

1. e4 e5 2. Nf3 Nc6 3. Bc4 Bb4 4. a3 Be7 5. c3 Nf6 6. d4 exd4 7. cxd4 Nxe4 8. d5 Na5 9. Bd3 Nf6 10. b4 Nxd5 11. bxa5 Bf6 12. Ra2 Bc3+ 13. Bd2 Qe7+ 14. Be2 Bxd2+ 15. Qxd2 Nf6 16. O-O d6 17. Bb5+ c6 18. Re1 Be6 19. Bc4 d5 20. Bb3 O-O 21. Ng5 Qd6 22. Qd3 c5 23. Qb5 c4 24. Bc2 Rab8 25. Bd1 a6 26. Qa4 b5 27. axb6 Rxb6 28. Bf3 Bd7 29. Qa5 Rb5 30. Qc3 h6 31. Nh3 Qb6 32. Qc2 d4 33. Nd2 d3 34. Qxc4 Be6 35. Rxe6 fxe6 36. Qxd3 Rd8 37. Qc4 Rb1+ 38. Nf1 Rd4 39. Qc8+ Rd8 40. Qc4 Kh7 41. Be4+ Nxe4 42. Qxe4+ Kh8 43. g3 Qb5 44. Kg2 Qxf1+ 45. Kf3 Rb3+ 46. Kf4 Qxh3 47. Rc2 Rf8+ 48. Ke5 Rb5+ 49. Kd4 Rd5+ 50. Ke3 Qh5 51. a4 Re5 52. Kd3 Rxe4 53. Kxe4 Qf3+ 54. Kd4 e5+ 55. Kc4 Rc8+ 56. Kb4 Rxc2 57. Ka5 Rb2 58. h4 Qd5+ 59. Kxa6 Qa8# {[%emt 0:00:05] normal} 0-1

[Event "DVM U12w 2023"]
[Site "Magdeburg"]
[Date "2023.12.27"]
[Round "2"]
[White "Trush, Diana"]
[Black "Berger, Jennifer"]
[Result "0-1"]
[WhiteElo "980"]
[BlackElo "1210"]
[PlyCount "52"]
[EventDate "2022.12.27"]
[EventType "team-tourn"]
[EventRounds "7"]
[EventCountry "GER"]
[TimeControl "40/5400+30:1800+30"]
[WhiteClock "1:18:21"]
[BlackClock "1:12:40"]

1. e4 e5 2. Nf3 Nc6 3. Bc4 Bc5 4. O-O Nf6 5. d4 Bxd4 6. Nxd4 Nxd4 7. f4 d6 8. fxe5 dxe5 9. c3 Nc6 10. Qf3 O-O 11. Bg5 Qd6 12. Qg3 Nxe4 13. Qg4 Qc5+ 14. Kh1 Qxc4 15. Nd2 Nf2+ 16. Rxf2 Qxg4 17. Be3 Be6 18. Rf3 Bd5 19. Rg3 Qe6 20. c4 Bxc4 21. Nxc4 Qxc4 22. Bh6 Qe6 23. Bxg7 Ne7 24. Rf1 Rfd8 25. Rf6 Rd1+ 26. Rf1 Rxf1# {[%emt 0:00:12] normal} 0-1

[Event "DVM U12w 2023"]
[Site "Magdeburg"]
[Date "2023.12.27"]
[Round "2"]
[White "Poberezhna, Anna"]
[Black "Piffczyk, Sandra"]
[Result "0-1"]
[WhiteElo "951"]
[BlackElo "1105"]
[PlyCount "60"]
[EventDate "2022.12.27"]
[EventType "team-tourn"]
[EventRounds "7"]
[EventCountry "GER"]
[TimeControl "40/5400+30:1800+30"]
[BlackClock "0:50:20"]

1. e4 e5 2. Nf3 Nc6 3. Bc4 Bc5 4. d3 h6 5. Nc3 Nf6 6. O-O d6 7. h3 O-O 8. Be3 Bxe3 9. fxe3 Qe7 10. d4 Be6 11. d5 Na5 12. dxe6 Nxc4 13. exf7+ Qxf7 14. Re1 Nxb2 15. Qc1 Nc4 16. Rb1 Rab8 17. Rd1 Qg6 18. Rb4 Nb6 19. Qb2 a5 20. Rb5 Nxe4 21. Nd5 Nxd5 22. Rbxd5 Rxf3 23. Qb1 Nc3 24. Rxa5 Kh7 25. Qb3 Rxh3 26. Qxc3 Rg3 27. Rd2 Rf8 28. Qxc7 Qf5 29. Qxb7 Qe4 30. Qb1 Qxe3+ {[%emt 0:51:24] normal Ra6} 0-1

[Event "DVM U12w 2023"]
[Site "Magdeburg"]
[Date "2023.12.27"]
[Round "2"]
[White "Wieckowicz, Bui Ha My"]
[Black "Fedorova, Marina"]
[Result "0-1"]
[WhiteElo "940"]
[BlackElo "1144"]
[PlyCount "22"]
[EventDate "2022.12.27"]
[EventType "team-tourn"]
[EventRounds "7"]
[EventCountry "GER"]
[TimeControl "40/5400+30:1800+30"]
[WhiteClock "1:06:06"]
[BlackClock "1:11:59"]

1. e4 Nf6 2. Nc3 d5 3. exd5 Nxd5 4. Nxd5 Qxd5 5. d4 Nc6 6. Nf3 Bg4 7. Be2 O-O-O 8. Be3 g6 9. Qd2 Bg7 10. O-O-O Qxa2 11. h3 Qa1# {[%emt 0:02:17] normal} 0-1

[Event "DVM U12w 2023"]
[Site "Magdeburg"]
[Date "2023.12.27"]
[Round "2"]
[White "Böhrer, Lea Marie"]
[Black "Gelbach, Julietta"]
[Result "0-1"]
[WhiteElo "939"]
[BlackElo "887"]
[PlyCount "102"]
[EventDate "2022.12.27"]
[EventType "team-tourn"]
[EventRounds "7"]
[EventCountry "GER"]
[TimeControl "40/5400+30:1800+30"]
[WhiteClock "1:22:57"]
[BlackClock "1:30:23"]

1. e4 e5 2. Nc3 Nf6 3. Nf3 Nc6 4. Bb5 d6 5. d3 h6 6. Bxc6+ bxc6 7. O-O Bg4 8. Be3 Be7 9. h3 Be6 10. Re1 O-O 11. d4 Bc4 12. b3 Be6 13. dxe5 dxe5 14. Nxe5 Bb4 15. Nxc6 Qxd1 16. Rexd1 Bxc3 17. Rab1 Nxe4 18. Ne7+ Kh8 19. f3 Ng3 20. Bf4 Nf5 21. Nxf5 Bxf5 22. g4 Bxc2 23. Rdc1 Bxb1 24. Rxc3 Bxa2 25. Rxc7 Bxb3 26. Rb7 Bd5 27. Rc7 Bxf3 28. Bd6 Rfd8 29. Be7 Rd2 30. Rc1 a5 31. g5 a4 32. Ra1 hxg5 33. Bxg5 Rd1+ 34. Rxd1 Bxd1 35. Bc1 a3 36. Bxa3 Rxa3 37. Kf2 g5 38. Ke1 Ba4 39. Kf2 Kg7 40. Kg2 f5 41. h4 gxh4 42. Kh2 Kg6 43. Kh1 Kg5 44. Kg2 f4 45. Kh2 Rc3 46. Kg2 Kg4 47. Kh2 h3 48. Kg1 Kg3 49. Kf1 Rc2 50. Kg1 h2+ 51. Kh1 Rc1# {[%emt 0:00:09] normal} 0-1

[Event "DVM U12w 2023"]
[Site "Magdeburg"]
[Date "2023.12.27"]
[Round "2"]
[White "Rabus, Luise"]
[Black "Mauhs, Helena"]
[Result "0-1"]
[WhiteElo "913"]
[BlackElo "1194"]
[PlyCount "59"]
[EventDate "2022.12.27"]
[EventType "team-tourn"]
[EventRounds "7"]
[EventCountry "GER"]
[TimeControl "40/5400+30:1800+30"]
[WhiteClock "1:07:47"]
[BlackClock "1:01:14"]

1. e4 e5 2. Nf3 Nc6 3. Bc4 Bc5 4. d3 Nf6 5. c3 d6 6. h3 Be6 7. Bb3 Qd7 8. Bxe6 fxe6 9. O-O d5 10. Re1 O-O 11. d4 exd4 12. cxd4 Bb4 13. Nbd2 dxe4 14. Ne5 Qxd4 15. Nxc6 bxc6 16. Nb3 Qxd1 17. Rxd1 Rad8 18. Bd2 Bxd2 19. Nxd2 Rd6 20. Nc4 Rd5 21. Ne3 Rb5 22. b3 Nd5 23. Ng4 Nc3 24. Rd7 Nd5 25. Rc1 Rb6 26. Ne5 e3 27. Kf1 Rxf2+ 28. Ke1 h6 29. Nxc6 Nf4 30. Ne5 {[%emt 0:01:22] normal} 0-1

[Event "DVM U12w 2023"]
[Site "Magdeburg"]
[Date "2023.12.27"]
[Round "2"]
[White "Satheesh, Dharshini"]
[Black "Xu, Dorothea Sicheng"]
[Result "0-1"]
[WhiteElo "871"]
[BlackElo "1118"]
[PlyCount "57"]
[EventDate "2022.12.27"]
[EventType "team-tourn"]
[EventRounds "7"]
[EventCountry "GER"]
[TimeControl "40/5400+30:1800+30"]
[WhiteClock "1:08:19"]
[BlackClock "0:59:16"]

1. e4 e5 2. Nf3 Nc6 3. Bc4 Nf6 4. Nc3 Bc5 5. d3 h6 6. Bd2 O-O 7. O-O d6 8. h3 Re8 9. a3 a6 10. b4 Ba7 11. b5 axb5 12. Bxb5 Be6 13. Qe2 Bc5 14. a4 Re7 15. Bxc6 bxc6 16. Be3 Bb4 17. Bd2 Qe8 18. Nd5 cxd5 19. Bxb4 dxe4 20. dxe4 Rxa4 21. Rxa4 Qxa4 22. Bc3 Bc4 23. Qd2 Bxf1 24. Kxf1 Nxe4 25. Qd3 Nxc3 26. Qxc3 Qb5+ 27. Kg1 Qb1+ 28. Kh2 Qf1 29. Qd2 {[%emt 0:01:15] normal} 0-1

[Event "DVM U12w 2023"]
[Site "Magdeburg"]
[Date "2023.12.27"]
[Round "2"]
[White "Gelbach, Amelia"]
[Black "Khachaturyan, Viktoria"]
[Result "0-1"]
[WhiteElo "841"]
[BlackElo "987"]
[PlyCount "36"]
[EventDate "2022.12.27"]
[EventType "team-tourn"]
[EventRounds "7"]
[EventCountry "GER"]
[TimeControl "40/5400+30:1800+30"]
[WhiteClock "1:32:29"]
[BlackClock "1:29:10"]

1. e4 e5 2. Nf3 Nc6 3. Bc4 Bc5 4. c3 Nf6 5. d3 O-O 6. d4 exd4 7. cxd4 Bb4+ 8. Bd2 Bxd2+ 9. Nbxd2 d5 10. exd5 Nxd5 11. O-O Nf4 12. Re1 Nxd4 13. Nb3 Nxf3+ 14. Qxf3 Qg5 15. g3 Nh3+ 16. Kh1 Bg4 17. Qxb7 Rab8 18. Qxc7 Bf3# {[%emt 0:00:21] normal} 0-1

[Event "DVM U12w 2023"]
[Site "Magdeburg"]
[Date "2023.12.27"]
[Round "2"]
[White "Subocz, Emma"]
[Black "Funke, Luise"]
[Result "0-1"]
[WhiteElo "827"]
[BlackElo "1018"]
[PlyCount "86"]
[EventDate "2022.12.27"]
[EventType "team-tourn"]
[EventRounds "7"]
[EventCountry "GER"]
[TimeControl "40/5400+30:1800+30"]
[WhiteClock "1:12:50"]
[BlackClock "1:23:23"]

1. e4 e5 2. f4 exf4 3. Nf3 Nc6 4. d4 Nf6 5. Nc3 d5 6. Bd3 Bb4 7. Qe2 O-O 8. O-O Bg4 9. Bxf4 Nxd4 10. Qd1 Nxf3+ 11. Rxf3 Bxc3 12. bxc3 dxe4 13. Bxe4 Nxe4 14. Qf1 Bxf3 15. Qxf3 Re8 16. Rd1 Qf6 17. c4 Nc3 18. Ra1 Ne2+ 19. Kf2 Nxf4 20. Qxb7 Nh3+ 21. Kg3 Re3+ 22. Qf3 Rxf3+ 23. gxf3 Ng5 24. f4 Ne4+ 25. Kf3 Re8 26. Re1 Nd2+ 27. Kf2 Rxe1 28. Kxe1 Qxf4 29. Kd1 h5 30. Ke2 h4 31. h3 Qh2+ 32. Kd3 Nf1 33. Kd4 Qxh3 34. Kd5 Qe6+ 35. Kc5 h3 36. c3 h2 37. a4 h1=Q 38. Kd4 Qh4+ 39. Kd3 Qeh3+ 40. Kc2 Qf2+ 41. Kb3 Qb6+ 42. Ka2 Qh2+ 43. Ka3 Qbb2# {[%emt 0:00:07] normal} 0-1

[Event "DVM U12w 2023"]
[Site "Magdeburg"]
[Date "2023.12.27"]
[Round "2"]
[White "He, Siqi"]
[Black "Goy, Isabella"]
[Result "0-1"]
[WhiteElo "812"]
[BlackElo "880"]
[PlyCount "96"]
[EventDate "2022.12.27"]
[EventType "team-tourn"]
[EventRounds "7"]
[EventCountry "GER"]
[TimeControl "40/5400+30:1800+30"]
[WhiteClock "1:29:25"]
[BlackClock "1:26:32"]

1. e4 e5 2. Nf3 Nc6 3. Bc4 Nf6 4. d3 Bb4+ 5. Nc3 Bxc3+ 6. bxc3 Na5 7. Bb3 Nxb3 8. cxb3 d6 9. h3 h6 10. O-O O-O 11. d4 Nxe4 12. dxe5 dxe5 13. Nxe5 Qxd1 14. Rxd1 Re8 15. Nd3 Rd8 16. Bf4 Nxc3 17. Bxc7 Rd7 18. Rac1 Nxd1 19. Rxd1 Rxc7 20. Ne5 Re7 21. Re1 f6 22. Nf3 Rxe1+ 23. Nxe1 Bf5 24. g4 Bb1 25. a4 Re8 26. Nf3 Bc2 27. Nd4 Re1+ 28. Kg2 Be4+ 29. Kg3 Rd1 30. Nf5 Bxf5 31. gxf5 Rg1+ 32. Kh2 Rg5 33. h4 Rxf5 34. Kg3 a5 35. f4 Rd5 36. Kg4 Rd3 37. h5 Kf7 38. f5 Rxb3 39. Kh4 b5 40. axb5 Rxb5 41. Kg4 Rb4+ 42. Kg3 a4 43. Kf3 a3 44. Kg3 a2 45. Kf3 a1=Q 46. Ke3 Qa3+ 47. Kd2 Rb2+ 48. Kd1 Qa1# {[%emt 0:00:52] normal} 0-1

[Event "DVM U12w 2023"]
[Site "Magdeburg"]
[Date "2023.12.27"]
[Round "2"]
[White "Strahl, Nele"]
[Black "Weißleder, Emia"]
[Result "0-1"]
[WhiteElo "783"]
[BlackElo "1041"]
[PlyCount "59"]
[EventDate "2022.12.27"]
[EventType "team-tourn"]
[EventRounds "7"]
[EventCountry "GER"]
[TimeControl "40/5400+30:1800+30"]
[WhiteClock "1:05:58"]
[BlackClock "1:03:27"]

1. e4 c5 2. Nf3 Nc6 3. Nc3 d6 4. Bc4 Nf6 5. O-O g6 6. d3 Bg7 7. Bf4 O-O 8. Re1 Bg4 9. Be3 Nb4 10. h3 Bxf3 11. Qxf3 Nxc2 12. Rac1 Nxe1 13. Rxe1 Nd7 14. Qd1 e6 15. d4 cxd4 16. Bxd4 Bxd4 17. Qxd4 e5 18. Qxd6 Rc8 19. Be2 Rc6 20. Qd5 Rf6 21. Bg4 Qb6 22. Rf1 Qxb2 23. Bxd7 Qxc3 24. Qxb7 Qd4 25. a4 Rd8 26. Bc6 Rfd6 27. Bd5 R6d7 28. Qb5 Qb6 29. Qd3 Rc7 30. Qg3 {[%emt 0:02:48] normal} 0-1

[Event "DVM U12w 2023"]
[Site "Magdeburg"]
[Date "2023.12.28"]
[Round "3"]
[White "Burchardi, Helena"]
[Black "Wolf, Helena"]
[Result "1-0"]
[WhiteElo "1370"]
[BlackElo "1188"]
[PlyCount "53"]
[EventDate "2022.12.27"]
[EventType "team-tourn"]
[EventRounds "7"]
[EventCountry "GER"]
[TimeControl "40/5400+30:1800+30"]
[WhiteClock "1:02:07"]
[BlackClock "0:26:53"]

1. e4 e5 2. Nf3 d6 3. d4 exd4 4. Nxd4 Nf6 5. Nc3 Be7 6. Bc4 O-O 7. O-O Re8 8. Be3 Nbd7 9. a4 c6 10. Ba2 a6 11. h3 Qc7 12. Bf4 Bf8 13. Re1 Ne5 14. Nf3 Bd7 15. Ng5 h6 16. Bxe5 hxg5 17. Bxf6 gxf6 18. Qd3 Rad8 19. e5 Rxe5 20. Qg6+ Kh8 21. Qxf6+ Kh7 22. Bxf7 Bf5 23. Rxe5 dxe5 24. Qxf5+ Kh8 25. Qf6+ Bg7 26. Qg6 Rd6 27. Be6 {[%emt 0:03:37] normal} 1-0

[Event "DVM U12w 2023"]
[Site "Magdeburg"]
[Date "2023.12.28"]
[Round "3"]
[White "Will, Elina"]
[Black "John, Linnea"]
[Result "1/2-1/2"]
[WhiteElo "1325"]
[BlackElo "1393"]
[PlyCount "52"]
[EventDate "2022.12.27"]
[EventType "team-tourn"]
[EventRounds "7"]
[EventCountry "GER"]
[TimeControl "40/5400+30:1800+30"]
[WhiteClock "1:12:41"]
[BlackClock "0:31:10"]

1. e4 c5 2. Nf3 Nc6 3. d4 cxd4 4. Nxd4 g6 5. Nc3 Bg7 6. Be3 Nf6 7. Bc4 Qa5 8. O-O O-O 9. h3 d6 10. a3 Bd7 11. Nb3 Qc7 12. Qd2 Ne5 13. Be2 Bc6 14. f4 Ned7 15. Bd3 b6 16. f5 Ne5 17. Rae1 d5 18. exd5 Nxd5 19. Nxd5 Bxd5 20. Bf4 Bxb3 21. cxb3 Qc5+ 22. Be3 Qd5 23. Bc2 Qxd2 24. Bxd2 Rac8 25. Bc3 Nc6 26. Bxg7 Kxg7 {[%emt 0:00:35] normal} 1/2-1/2

[Event "DVM U12w 2023"]
[Site "Magdeburg"]
[Date "2023.12.28"]
[Round "3"]
[White "Shynkar, Daria"]
[Black "Rafikova, Ailin"]
[Result "1/2-1/2"]
[WhiteElo "1316"]
[BlackElo "1399"]
[PlyCount "53"]
[EventDate "2022.12.27"]
[EventType "team-tourn"]
[EventRounds "7"]
[EventCountry "GER"]
[TimeControl "40/5400+30:1800+30"]
[WhiteClock "0:18:36"]
[BlackClock "0:12:13"]

1. d4 Nf6 2. c4 g6 3. Nc3 Bg7 4. e4 d6 5. Be3 Ng4 6. Qd2 Nxe3 7. Qxe3 Nc6 8. Nge2 e5 9. d5 Ne7 10. f3 f5 11. O-O-O a6 12. Kb1 b6 13. g3 Bd7 14. Nc1 Ng8 15. Nd3 Bh6 16. Qf2 fxe4 17. fxe4 Nf6 18. h3 O-O 19. Qg2 Rf7 20. Be2 Qe7 21. Rhf1 b5 22. cxb5 axb5 23. Nb4 Rb8 24. g4 Bf4 25. Qf2 g5 26. Qa7 Qd8 27. a3 {[%emt 0:06:04] normal} 1/2-1/2

[Event "DVM U12w 2023"]
[Site "Magdeburg"]
[Date "2023.12.28"]
[Round "3"]
[White "Winkler, Frida"]
[Black "Ruddat, Maila"]
[Result "1-0"]
[WhiteElo "1298"]
[BlackElo "1187"]
[PlyCount "165"]
[EventDate "2022.12.27"]
[EventType "team-tourn"]
[EventRounds "7"]
[EventCountry "GER"]
[TimeControl "40/5400+30:1800+30"]
[WhiteClock "0:35:39"]
[BlackClock "1:22:27"]

1. e4 e5 2. Nf3 Nc6 3. Bc4 Bc5 4. b4 Bxb4 5. c3 Ba5 6. d4 d6 7. Qb3 Qd7 8. O-O Bb6 9. Bb5 a6 10. Ba4 Ba7 11. d5 b5 12. dxc6 Qxc6 13. Bxb5 Qxb5 14. Qxb5+ axb5 15. Na3 c6 16. Rd1 Bc5 17. Nc2 Nf6 18. Nd2 Ng4 19. Rf1 f5 20. h3 Nf6 21. exf5 Bxf5 22. Ne3 Bxe3 23. fxe3 Be6 24. a3 O-O 25. Rd1 Nd5 26. Ne4 Rad8 27. Nxd6 Nxc3 28. Rd3 Nd5 29. Nb7 Ra8 30. Nc5 Bf5 31. e4 Nb4 32. Rb3 Nc2 33. Ra2 Nd4 34. exf5 Nxb3 35. Nxb3 Rxf5 36. Rc2 b4 37. axb4 Rb8 38. Ba3 Ra8 39. Na5 Re8 40. Nxc6 e4 41. b5 Rxb5 42. Ne7+ Kh8 43. Re2 Re5 44. Nc6 R5e6 45. Nd4 Re5 46. Nc6 R5e6 47. Nd4 Re5 48. Bb2 R5e7 49. Nf5 Ra7 50. Bd4 Rd7 51. Kf2 Kg8 52. Ke3 g6 53. Nh6+ Kf8 54. Rf2+ Ke7 55. Bc5+ Kd8 56. Nf7+ Kc7 57. Bd4 Ree7 58. Ne5 Rd5 59. Kxe4 Rb5 60. Rc2+ Kb7 61. Bc5 Rc7 62. Kd5 h5 63. Nxg6 h4 64. Nxh4 Kb8 65. g4 Kb7 66. Nf5 Kb8 67. Nd4 Ra5 68. Nc6+ Kc8 69. Nxa5 Rd7+ 70. Bd6+ Kd8 71. Rf2 Kc8 72. Rf8+ Rd8 73. Nc6 Rxf8 74. Bxf8 Kd7 75. Ne5+ Ke8 76. Ba3 Kd8 77. g5 Ke8 78. g6 Kd8 79. g7 Kc8 80. g8=Q+ Kb7 81. Qe6 Kc7 82. Qc6+ Kd8 83. Qd7# {[%emt 0:01:38] normal} 1-0

[Event "DVM U12w 2023"]
[Site "Magdeburg"]
[Date "2023.12.28"]
[Round "3"]
[White "Fruth, Julia"]
[Black "Mersmann, Jasmin"]
[Result "1-0"]
[WhiteElo "1296"]
[BlackElo "1131"]
[PlyCount "67"]
[EventDate "2022.12.27"]
[EventType "team-tourn"]
[EventRounds "7"]
[EventCountry "GER"]
[TimeControl "40/5400+30:1800+30"]
[WhiteClock "0:36:50"]
[BlackClock "0:45:46"]

1. e4 e5 2. Nf3 Nc6 3. d4 exd4 4. Nxd4 Nxd4 5. Qxd4 d6 6. Nc3 Be6 7. Bc4 Bxc4 8. Qxc4 Be7 9. Qb5+ Kf8 10. Qxb7 Nf6 11. O-O h5 12. b3 h4 13. h3 Nd7 14. Nd5 Bf6 15. Nxf6 Nxf6 16. Bb2 Nd7 17. Rad1 Rb8 18. Qxa7 Nc5 19. Qa5 f6 20. e5 fxe5 21. Bxe5 Rh5 22. Bd4 Qe7 23. b4 Qg5 24. bxc5 dxc5 25. Qxc7 Ra8 26. Be3 Qf5 27. Rd8+ Rxd8 28. Qxd8+ Kf7 29. Qc7+ Kg8 30. Qd8+ Kf7 31. Qd3 Qe5 32. Re1 Rh6 33. Bd2 Qd6 34. Bxh6 {[%emt 0:00:31] normal} 1-0

[Event "DVM U12w 2023"]
[Site "Magdeburg"]
[Date "2023.12.28"]
[Round "3"]
[White "Grunert, Greta"]
[Black "Hofmeier, Viktoria"]
[Result "1/2-1/2"]
[WhiteElo "1288"]
[BlackElo "1408"]
[PlyCount "83"]
[EventDate "2022.12.27"]
[EventType "team-tourn"]
[EventRounds "7"]
[EventCountry "GER"]
[TimeControl "40/5400+30:1800+30"]
[WhiteClock "0:06:50"]
[BlackClock "0:30:59"]

1. e4 e5 2. Nf3 Nc6 3. Bb5 a6 4. Ba4 Nf6 5. O-O Be7 6. Re1 b5 7. Bb3 d6 8. c3 O-O 9. h3 Nb8 10. d4 Nbd7 11. Nbd2 Re8 12. Nf1 Bb7 13. Ng3 h6 14. Qd3 Bf8 15. d5 Nc5 16. Qd1 Nxb3 17. Qxb3 c6 18. c4 cxd5 19. cxd5 Rc8 20. Bd2 Qd7 21. Bb4 Be7 22. Qa3 Ra8 23. Nf5 Red8 24. Nxe5 dxe5 25. Nxe7+ Kh8 26. Nf5 Nxd5 27. Rad1 Qe6 28. Nd6 Nxb4 29. Nxb7 Rxd1 30. Rxd1 Rb8 31. Nc5 Qc4 32. Nxa6 Nxa6 33. Qxa6 Qxe4 34. Qa7 Qb7 35. Rd7 Qxa7 36. Rxa7 f6 37. Ra3 b4 38. Rb3 Ra8 39. a3 bxa3 40. Rxa3 Rb8 41. b3 Kg8 42. Kf1 {[%emt 0:00:23] normal} 1/2-1/2